 Dungeon Crawl Stone Soup version 0.31-a0-819-gf6de2f5ab6 (webtiles) character file.

Game seed: 4786100169622987306

72 Kurtz the Chopper (level 4, -7/31 HPs)
             Began as an Octopode Fighter on Sept 24, 2023.
             Mangled by a gnoll
             ... wielding a +2 halberd of flaming
              (14 damage)
             ... on level 2 of the Dungeon.
             The game lasted 00:01:10 (1206 turns).

Kurtz the Chopper (Octopode Fighter)                Turns: 1206, Time: 00:01:11

Health: -7/31      AC:  1    Str: 17    XL:     4   Next: 25%
Magic:  4/4        EV: 13    Int: 10    God:
Gold:   79         SH:  4    Dex: 11    Spells: 3/3 levels left

rFire   . . .        a - +0 war axe
rCold   . . .        b - +0 buckler
rNeg    . . .        (helmet restricted)
rPois   .            (no amulet)
rElec   .            (no ring)
rCorr   .            (no ring)
SInv    .            (no ring)
Will    .....        (no ring)
Stlth   ++           (no ring)
HPRegen 0.25/turn    (no ring)
MPRegen 0.09/turn    (no ring)
                     (no ring)

%: no passive effects
@: hasted, very quick
A: almost no armour, amphibious, 8 rings, camouflage 1, gelatinous body 1,
(nimble swimmer 1), tentacles
a: no special abilities


You were on level 2 of the Dungeon.
You visited 1 branch of the dungeon, and saw 2 of its levels.

You collected 79 gold pieces.

Inventory:

Hand Weapons
 a - a +0 war axe (weapon)
Armour
 b - a +0 buckler (worn)
Scrolls
 e - a scroll of noise {unknown}
 f - a scroll of enchant armour {unknown}
 i - 3 scrolls of identify {unknown}
Potions
 c - a potion of might
 g - a potion of curing {unknown}
 h - 2 potions of heal wounds {unknown}


   Skills:
 - Level 3.0 Fighting
 * Level 4.4 Axes
 - Level 3.0 Dodging
 - Level 3.0 Shields


You had 3 spell levels left.
You didn't know any spells.
Your spell library contained the following spells:

 Spells                   Type           Power      Damage    Failure   Level
 Summon Ice Beast         Ice/Summ       0%         N/A       99%         4
 Summon Mana Viper        Hex/Summ       0%         N/A       100%        5
 Monstrous Menagerie      Summ           0%         N/A       100%        7


Dungeon Overview and Level Annotations

Branches:
Dungeon (2/15)

Altars:


Innate Abilities, Weirdness & Mutations

You cannot wear most types of armour.
You are amphibious.
You can wear up to eight rings at the same time.
Your skin changes colour to match your surroundings (Stealth+).
Your rubbery body absorbs attacks. (AC +1, EV +1)
((You are camouflaged when in or above water. (Stealth+)))
You have tentacles for arms and can constrict up to eight enemies at once.


Message History

You constrict the gnoll, but do no damage.
The gnoll closely misses you.
You hit the gnoll but do no damage. You squeeze the gnoll.
You kill the gnoll!
You have reached level 4!
No target in view!
No target in view!
Things that are here:
a +0 club; a gnoll corpse A gnoll is nearby!
You block the gnoll's attack.
You barely miss the gnoll. You grab the gnoll. You squeeze the gnoll!
The gnoll is severely wounded.
You constrict the gnoll. The gnoll hits you with a +0 spear.
You barely miss the gnoll.
The gnoll is almost dead.
You constrict the gnoll.
You kill the gnoll!
Unknown command.
You barely miss the gnoll. You grab the gnoll. You constrict the gnoll.
The gnoll closely misses you. The gnoll misses you.
The gnoll hits you with a +0 whip.
The gnoll hits you from afar with a +2 halberd of flaming!
The gnoll burns you.
You release your grip on the gnoll.
The gnoll attacks as it pursues you! You block the gnoll's attack.
It was a potion of haste.
You feel yourself speed up. The gnoll closely misses you.
Things that are here:
a +0 club; a gnoll corpse You barely miss the gnoll.
You grab the gnoll.
The gnoll is lightly wounded.
You constrict the gnoll. The gnoll hits you with a +0 whip.
The gnoll misses you.
You hit the gnoll but do no damage.
The gnoll is moderately wounded.
You constrict the gnoll. The gnoll hits you with a +0 whip!
* * * LOW HITPOINT WARNING * * *
The gnoll hits you from afar with a +2 halberd of flaming!
You die...

################
.......### ######.## #
#.# # #.# # #.# ##
##.# .#
##..###############
.###............@gg..#
.....#.####.########.#
.#####.# #.# #.# .##
#.####.# #.#
..(.##....#.# #.#
.##.#####.#.# #g# .# #
#.#.########g# .#
......#..........#
.###################)#


You could see 2 gnolls.

Vanquished Creatures
  2 gnolls (D:2)
  A dart slug (D:1)
  4 ball pythons
  6 bats (D:1)
  An endoplasm (D:1)
  4 giant cockroaches (D:1)
  7 hobgoblins
  A quokka (D:1)
  3 frilled lizards (D:1)
  7 goblins
  3 kobolds
  9 rats
48 creatures vanquished.

Notes
Turn   | Place    | Note
-------+----------+-------------------------------------------
     0 | D:1      | Kurtz the Octopode Fighter began the quest for the Orb.
     0 | D:1      | Reached XP level 1. HP: 16/16 MP: 1/1
    73 | D:1      | Reached XP level 2. HP: 12/21 MP: 2/2
    91 | D:1      | Reached skill level 3 in Axes
   224 | D:1      | Reached XP level 3. HP: 22/26 MP: 3/3
  1021 | D:2      | Reached skill level 4 in Axes
  1156 | D:2      | Reached XP level 4. HP: 28/31 MP: 4/4
  1206 | D:2      | Mangled by a gnoll

Illustrated notes

Levels and vault maps discovered:
D:1:      dpeg_arrival_rooms_b, layout_basic
D:2:      layout_rooms, serial_co_window_serial, co_window_corner_a,
          co_window_corner_a, co_window_paths_b, co_window_paths_a,
          co_window_corner_a, co_window_corner_a, co_window_corner_a,
          co_window_broadway_b, co_window_of_opportunity_b,
          co_window_of_opportunity_c, co_window_2corner,
          co_window_of_opportunity_b, co_window_unsneaky_path_c,
          co_window_4corner_b, glass_columns_b, glass_columns_b,
          glass_columns_b, glass_columns_a, basic_altar, minmay_tromino_v4_c

Skill      XL: |  1  2  3 |
---------------+----------+-----
Axes           | 3 4 |  4.4
Fighting       | |  3.0
Dodging        | |  3.0
Shields        | |  3.0

Action                     |  1- 3 |  4- 6 || total
---------------------------+-------+-------++-------
  Melee: War axe           |    74 |     5 ||    79
         Constrict         |    18 |     3 ||    21
         Tentacles         |     8 |     1 ||     9
    Use: Potion            |       |     1 ||     1
   Stab: Sleeping          |     7 |       ||     7
 Armour: Skin              |    29 |     6 ||    35
  Dodge: Dodged            |    40 |     4 ||    44
  Block: Buckler           |    15 |     2 ||    17

Table legend: (Time is in decaauts)
 A = Elapsed time spent in this place.
 B = Non-inter-level travel time spent in this place.
 C = Inter-level travel time spent in this place.
 D = Time resting spent in this place.
 E = Time spent auto-exploring this place.
 F = Levels seen in this place.
 G = Mean time per level.
                   A        B        C        D        E       F      G
               +--------+--------+--------+--------+--------+-----+--------+
         Total |   1226 |   1200 |     26 |      0 |    890 |   2 |  613.0 |
       Dungeon |   1226 |   1200 |     26 |      0 |    890 |   2 |  613.0 |
               +--------+--------+--------+--------+--------+-----+--------+

Top non-repeatable levels by time:
     D:1: 802 daAuts
     D:2: 424 daAuts
